 Dungeon Crawl Stone Soup version 0.22-a0-136-g83a10e5 (webtiles) character file.

462 varam the Covert (level 6, -1/28 HPs)
             Began as a Spriggan Enchanter on Feb 2, 2018.
             Slain by a hound (4 damage)
             ... on level 5 of the Dungeon.
             The game lasted 00:12:57 (4232 turns).

varam the Covert (Spriggan Enchanter)               Turns: 4232, Time: 00:12:58

Health: -1/28      AC:  2    Str:  5    XL:     6   Next: 79%
Magic:  2/13       EV: 18    Int: 16    God:
Gold:   133        SH:  0    Dex: 18    Spells: 7/13 levels left

rFire    . . .     SeeInvis +   u - +1 dagger (venom)
rCold    . . .     Gourm    .   (shield restricted)
rNeg     . . .     Faith    .   b - +0 robe
rPois    .         Spirit   .   (helmet restricted)
rElec    .         Reflect  .   (no cloak)
rCorr    .         Harm     .   (gloves unavailable)
MR       +....                  (boots unavailable)
Stlth    ++++++....             p - amulet of regeneration
HPRegen  0.49/turn              n - ring of stealth
MPRegen  0.13/turn              z - ring of stealth

@: very quick
A: very small, unfitting armour, see invisible, herbivore, speed 3, slow
metabolism 2
a: no special abilities


You were on level 5 of the Dungeon.
You were near starving.

You visited 1 branch of the dungeon, and saw 5 of its levels.

You collected 133 gold pieces.

Inventory:

Hand Weapons
 a - a +1 dagger
 e - a +0 short sword
 r - a +0 blowgun
 u - a +1 dagger of venom (weapon)
Armour
 b - a +0 robe (worn)
Jewellery
 n - a ring of stealth (left hand)
 p - an amulet of regeneration (around neck)
 q - an uncursed ring of protection from cold
 t - an uncursed ring of protection from fire
 v - an uncursed ring of protection from cold
 z - a ring of stealth (right hand)
Scrolls
 f - 2 scrolls of remove curse
 h - a scroll of immolation {unknown}
 k - 4 scrolls of identify {unknown}
 o - a scroll of teleportation {unknown}
 x - a scroll of random uselessness {unknown}
 y - a scroll of fear {unknown}
Potions
 g - 3 potions of haste {unknown}
 i - a potion of agility {unknown}
 j - 2 potions of degeneration {unknown}
 l - 6 potions of curing {unknown}
 m - 2 potions of lignification {unknown}
 s - a potion of heal wounds {unknown}
 w - a potion of berserk rage {unknown}
Books
 c - a book of Maledictions

   Spells                             Type                      Level
   a - Corona                         Hexes                        1
   b - Ensorcelled Hibernation        Hexes/Ice                    2
   c - Confuse                        Hexes                        3
   d - Tukima's Dance                 Hexes                        3
   e - Dazzling Spray                 Conjuration/Hexes            3
Comestibles
 d - 4 rations


   Skills:
 - Level 4.0 Short Blades
 - Level 3.0 Dodging
 - Level 8.0 Stealth
 - Level 4.0 Spellcasting
 + Level 5.5 Hexes


You had 7 spell levels left.
You knew the following spells:

 Your Spells              Type           Power        Failure   Level  Hunger
a - Corona                Hex            ###....      1%          1    None
b - Confuse               Hex            ###.....     4%          3    ###....
z - Ensorcelled Hibernat  Hex/Ice        ##....       9%          2    ##.....


Dungeon Overview and Level Annotations

Branches:
Dungeon (5/15)
 Temple: D:4-7

Altars:
Fedhas
Xom

Annotations:
D:3 kibaces's ghost, amateur GrMo


Innate Abilities, Weirdness & Mutations

You are very small and have problems with some larger weapons.
You are too small for most types of armour.
You have supernaturally acute eyesight. (SInv)
You are a herbivore.
You cover ground extremely quickly.
You need consume almost no food.


Message History

You closely miss the hound.
The hound is severely wounded.
The hound misses you.
You barely miss the hound.
The hound is severely wounded.
The hound closely misses you. The hound bites you.
* * * LOW HITPOINT WARNING * * *
Casting: Confuse (safe; 4% risk of failure)
Confirm with . or Enter, or press ? or * to list all spells.
Aiming: Corona (safe; 1% risk of failure)
Press: ? - help, Shift-Dir - straight line, f - hound
Aim: a hound (severely wounded, chance to defeat MR: 68%)
The hound is outlined in light.
The hound pauses to sniff the ground.
The hound bites you.
* * * LOW HITPOINT WARNING * * *
You hit the hound but do no damage.
The hound is severely wounded.
The hound bites you.
You die...

####### #
..... #
#.#...#.#
#...h...##
#...@....#
#........#
#.#...#..#
# ..w..
....
###.###
### #.#
#.# #.#


You could see a worm and a hound.

Vanquished Creatures
  A howler monkey (D:3)
  A hound (D:4)
  4 orc wizards (D:4)
  A bullfrog skeleton (D:4)
  3 worker ants (D:4)
  9 adders
  3 gnolls (D:4)
  An ooze (D:2)
  A worm (D:3)
  2 dart slugs
  A leopard gecko (D:1)
  6 orcs
  2 ball pythons
  A giant cockroach (D:3)
  4 goblins
  6 hobgoblins
  6 jackals (D:2)
  7 kobolds
  2 quokkas
  9 bats
  A jackal zombie (D:4)
  5 rats
76 creatures vanquished.

Notes
Turn   | Place    | Note
-------+----------+-------------------------------------------
     0 | D:1      | varam the Spriggan Enchanter began the quest for the Orb.
     0 | D:1      | Reached XP level 1. HP: 9/9 MP: 5/5
   365 | D:1      | Reached skill level 5 in Stealth
   365 | D:1      | Reached XP level 2. HP: 13/13 MP: 6/6
   369 | D:1      | Learned a level 2 spell: Ensorcelled Hibernation
   690 | D:1      | Reached skill level 2 in Short Blades
   761 | D:1      | Found a shimmering altar of Xom.
   763 | D:1      | Found a shattered altar of Ashenzari.
   763 | D:1      | Found a snail-covered altar of Cheibriados.
   765 | D:1      | Found a shattered altar of Ashenzari.
   765 | D:1      | Found a bloodstained altar of Trog.
   765 | D:1      | Found a basalt altar of Yredelemnul.
  1228 | D:2      | Reached XP level 3. HP: 2/16 MP: 0/8
  2047 | D:2      | Reached skill level 6 in Stealth
  2232 | D:2      | Reached skill level 3 in Short Blades
  2708 | D:3      | Reached XP level 4. HP: 21/21 MP: 9/9
  2728 | D:3      | Learned a level 3 spell: Confuse
  2854 | D:3      | Noticed kibaces's ghost (amateur GrMo)
  3009 | D:3      | Reached skill level 7 in Stealth
  3009 | D:3      | Reached XP level 5. HP: 24/24 MP: 5/10
  3328 | D:3      | Found a blossoming altar of Fedhas.
  3469 | D:4      | Reached skill level 4 in Short Blades
  3479 | D:4      | Noticed an ogre
  3480 | D:4      | Reached skill level 3 in Spellcasting
  3574 | D:4      | Reached skill level 4 in Hexes
  3806 | D:4      | Reached XP level 6. HP: 17/28 MP: 9/12
  3838 | D:4      | Reached skill level 8 in Stealth
  3924 | D:5      | Entered Level 5 of the Dungeon
  3997 | D:4      | Reached skill level 4 in Spellcasting
  4071 | D:4      | Reached skill level 5 in Hexes
  4232 | D:5      | Slain by a hound

Vault maps used:
D:1:      minmay_arrival_stone_box, doesnt_xom_only_xom
D:3:      nicolae_overflow_hidden_temple, minmay_misc_feat_plants
D:4:      first_ration
D:5:      okawaru_altar_gauntlet_db

Skill      XL: |  1  2  3  4  5  6 |
---------------+-------------------+-----
Stealth        | 5 6 7 8 |  8.0
Short Blades   | 2 3 4 |  4.0
Spellcasting   | 3 4 |  4.0
Hexes          | 4 5 |  5.5
Dodging        | |  3.0

Action                   |  1- 3 |  4- 6 || total
-------------------------+-------+-------++-------
Melee: Dagger            |   105 |   128 ||   233
 Cast: Corona            |     9 |     8 ||    17
       Ensorcelled Hiber |    30 |    26 ||    56
       Confuse           |       |    13 ||    13
  Use: Scroll            |       |     1 ||     1
 Stab: Sleeping          |    27 |    25 ||    52
       Confused          |       |     3 ||     3
  Eat: Ration            |       |     2 ||     2
Armor: Robe              |    16 |     8 ||    24
Dodge: Dodged            |   103 |   102 ||   205

Table legend:
 A = Spawn XP
 B = Non-spawn XP
 C = Spawn XP percentage of total XP
 D = Spawn monster count
 E = Non-spawn monster count
 F = Spawn count percentage of total count
 G = Total turns spent on level
                    A         B        C        D         E        F      G
               +---------+---------+-------+---------+---------+-------+---------
         Total |       0 |     660 |   0.0 |       0 |      76 |   0.0 |  4232
               +---------+---------+-------+---------+---------+-------+---------
           D:1 |       0 |      27 |   0.0 |       0 |      17 |   0.0 |  1341
           D:2 |       0 |      60 |   0.0 |       0 |      19 |   0.0 |  1170
           D:3 |       0 |     123 |   0.0 |       0 |      17 |   0.0 |  1003
           D:4 |       0 |     450 |   0.0 |       0 |      23 |   0.0 |   647
               +---------+---------+-------+---------+---------+-------+---------
